 Dungeon Crawl Stone Soup version 0.26-a0-540-g8a0c9464d7 (webtiles) character file.

Game seed: 3135261736356654802

1477 HoaS the Cruncher (level 9, 0/64 HPs)
             Began as a Formicid Fighter on Aug 24, 2020.
             Slain by a killer bee (2 damage)
             ... on level 8 of the Dungeon.
             The game lasted 00:10:14 (3996 turns).

HoaS the Cruncher (Formicid Fighter)                Turns: 3996, Time: 00:10:14

Health: 0/64       AC: 11    Str: 23    XL:     9   Next: 6%
Magic:  9/9        EV:  7    Int:  9    God:
Gold:   248        SH: 11    Dex: 10    Spells: 8/8 levels left

rFire    . . .     SeeInvis +   a - +1 quarterstaff
rCold    . . .     Faith    .   c - +0 kite shield
rNeg     . . .     Spirit   .   f - +0 chain mail
rPois    +         Reflect  .   (helmet unavailable)
rElec    .         Harm     .   o - +0 cloak
rCorr    +                      (no gloves)
MR       .....                  p - +0 pair of boots
Stlth    ..........             (no amulet)
HPRegen  0.20/turn              s - ring of poison resistance
MPRegen  0.11/turn              u - ring of resist corrosion

@: lethally poisoned (0 -> -9)
A: permanent stasis, dig shafts and tunnels, four strong arms, antennae 3
a: Dig, Shaft Self


You were on level 8 of the Dungeon.
You visited 1 branch of the dungeon, and saw 6 of its levels.
You also visited: Sewer.

You collected 248 gold pieces.

Inventory:

Hand Weapons
 a - a +1 quarterstaff (weapon)
Armour
 c - a +0 kite shield (worn)
 f - a +0 chain mail (worn)
 o - a +0 cloak (worn)
 p - a +0 pair of boots (worn)
Jewellery
 s - a ring of poison resistance (left hand)
 u - a ring of resist corrosion (right hand)
Wands
 q - a wand of acid (4)
Scrolls
 d - 2 scrolls of fear
Potions
 b - a potion of haste {unknown}
 e - 8 potions of curing
 g - 3 potions of heal wounds {unknown}
 h - 2 potions of degeneration {unknown}
 i - a potion of magic {unknown}
 j - a potion of lignification {unknown}
 k - a potion of ambrosia {unknown}
 l - 5 potions of flight {unknown}
 m - a potion of berserk rage {unknown}
 n - 2 potions of mutation {unknown}
 r - a potion of stabbing {unknown}
 t - a potion of experience {unknown}


   Skills:
 - Level 3.2 Fighting
 * Level 9.0 Staves
 - Level 3.2 Armour
 + Level 8.1 Shields


You had 8 spell levels left.
You didn't know any spells.
Your spell library was empty.

Dungeon Overview and Level Annotations

Branches:
Dungeon (5/15)              Sewer (visited)
 Temple: D:4-7

Altars:


Innate Abilities, Weirdness & Mutations

You cannot be hasted, slowed, berserked, paralysed or teleported.
You can dig through walls and to a lower floor.
Your four strong arms can wield two-handed weapons with a shield.
You have a pair of large antennae on your head. (SInv)


Message History

You feel sick.
The killer bee stings you but does no damage.
You barely miss the killer bee.
You feel sick.
The killer bee stings you but does no damage.
The killer bee stings you.
* * * LOW HITPOINT WARNING * * *
You miss the killer bee.
The killer bee stings you but does no damage.
You miss the killer bee.
You feel sick. The killer bee stings you.
* * * LOW HITPOINT WARNING * * *
The killer bee stings you.
* * * LOW HITPOINT WARNING * * *
You are more poisoned.
The killer bee poisons you!
The howler monkey hoots and howls with incredible vigour! x2
You hear a loud, deep croak!
You hit the killer bee but do no damage.
* * * LOW HITPOINT WARNING * * *
You feel sick. You block the killer bee's attack. The killer bee stings you.
You die...

####### ......# #####
#####.#########...# #
#........)....# #
###########...#######
# #............# #
#.###@######.# # #
#y# # #y# # #h# # #y#
{ #########


#hh { ......... .Z# { { .######## #.# .# You could see 3 howler monkeys, 3
killer bees and a hound skeleton.

Vanquished Creatures
  Grinder (D:3)
  2 ogres (D:4)
  A big kobold (D:8)
  A bullfrog (D:8)
  2 killer bees (D:8)
  A vampire bat (D:3)
  2 howler monkeys
  A hound (D:8)
  3 orc priests
  Jessica (D:2)
  A bullfrog skeleton (D:8)
  Ijyb (D:3)
  Natasha (twice) (D:2)
  5 orc wizards
  A hound zombie (D:4)
  2 worker ant zombies (D:4)
  Robin (D:2)
  10 adders
  A worm (Sewer)
  2 dart slugs (D:3)
  3 fire bats (D:3)
  10 leopard geckos
  20 orcs
  2 spectral bats (D:3)
  2 ball pythons (Sewer)
  3 bat skeletons (D:3)
  A bat zombie (D:3)
  8 giant cockroaches
  14 goblins
  9 hobgoblins
  11 jackals
  7 kobolds
  4 quokkas
  A ball python skeleton (D:4)
  18 bats
  A bat simulacrum (D:3)
  7 frilled lizards
  A giant cockroach zombie (D:4)
  2 quokka zombies (D:4)
  9 rats
174 creatures vanquished.

Notes
Turn   | Place    | Note
-------+----------+-------------------------------------------
     0 | D:1      | HoaS the Formicid Fighter began the quest for the Orb.
     0 | D:1      | Reached XP level 1. HP: 18/18 MP: 1/1
    97 | D:1      | Reached XP level 2. HP: 24/24 MP: 2/2
   355 | D:1      | Reached XP level 3. HP: 25/29 MP: 3/3
   363 | D:1      | Reached skill level 3 in Staves
   527 | D:2      | Reached XP level 4. HP: 35/35 MP: 4/4
   551 | D:2      | Noticed Jessica
   561 | D:2      | Killed Jessica
   581 | D:2      | Noticed Robin
   617 | D:2      | Reached skill level 4 in Staves
   651 | D:2      | Reached XP level 5. HP: 39/41 MP: 5/5
   671 | D:2      | Killed Robin
   718 | D:2      | Noticed Natasha
   727 | D:2      | Killed Natasha
   727 | D:2      | Reached skill level 5 in Shields
  1092 | D:2      | Noticed Natasha
  1103 | D:2      | Killed Natasha
  1103 | D:2      | Reached XP level 6. HP: 34/47 MP: 6/6
  1191 | D:3      | Reached skill level 5 in Staves
  1236 | D:3      | Noticed Ijyb
  1277 | D:3      | Killed Ijyb
  1532 | D:3      | Noticed Grinder
  1542 | D:3      | Killed Grinder
  1542 | D:3      | Reached skill level 6 in Staves
  1542 | D:3      | Reached XP level 7. HP: 46/52 MP: 7/7
  2127 | D:4      | Reached skill level 7 in Staves
  2127 | D:4      | Reached XP level 8. HP: 57/58 MP: 8/8
  2410 | D:4      | Found a glowing drain.
  2432 | Sewer    | Entered a sewer
  3169 | D:4      | Reached skill level 8 in Staves
  3713 | D:5      | Entered Level 5 of the Dungeon
  3732 | D:5      | You fall into a shaft and drop 3 floors!
  3982 | D:8      | Reached XP level 9. HP: 32/64 MP: 9/9
  3992 | D:8      | Reached skill level 9 in Staves
  3995 | D:8      | HP: 3/64 [killer bee (3)]
  3996 | D:8      | Slain by a killer bee

Illustrated notes

Levels and vault maps discovered:
D:1:      wander_arrival_peaceful_grave, layout_basic, minmay_octomino_e4
D:2:      layout_loops_ring, minmay_split_cup_large, uniq_robin, uniq_natasha,
          uniq_jessica
D:3:      layout_rooms, goddamned_bats, uniq_ijyb, uniq_grinder
D:4:      layout_basic, gup_sewer_entry_pipe, serial_undead, serial_undead_f,
          serial_undead_e, serial_undead_f, serial_undead_e, serial_undead_f,
          serial_undead_c, serial_undead_f
D:5:      layout_cave_pods, lemuel_crystal_altar,
          minmay_temple_entry_butterflies, lemuel_angel_altar
D:8:      layout_loops_ring, okawaru_gym_becter

Skill      XL: |  1  2  3  4  5  6  7  8  9 |
---------------+----------------------------+-----
Shields        | 4 5 6 8 |  8.1
Staves         | 3 4 6 7 8 9 |  9.0
Fighting       | |  3.2
Armour         | |  3.2

Action                   |  1- 3 |  4- 6 |  7- 9 || total
-------------------------+-------+-------+-------++-------
Melee: Quarterstaff      |    62 |   152 |   336 ||   550
       Unarmed           |       |    20 |       ||    20
  Use: Scroll            |     3 |     2 |     4 ||     9
       Potion            |       |     1 |     1 ||     2
Armor: Scale mail        |    24 |       |       ||    24
       Chain mail        |     5 |    69 |   143 ||   217
Dodge: Dodged            |    26 |    60 |   107 ||   193
Block: Kite shield       |    39 |    62 |   174 ||   275

Table legend: (Time is in decaauts)
 A = Elapsed time spent in this place.
 B = Non-inter-level travel time spent in this place.
 C = Inter-level travel time spent in this place.
 D = Time resting spent in this place.
 E = Time spent auto-exploring this place.
 F = Levels seen in this place.
 G = Mean time per level.
                   A        B        C        D        E       F      G
               +--------+--------+--------+--------+--------+-----+--------+
         Total |   4103 |   3999 |    104 |    519 |   2170 |   7 |  586.1 |
       Dungeon |   3575 |   3471 |    104 |    377 |   1950 |   6 |  595.8 |
         Sewer |    527 |    527 |      0 |    142 |    220 |   1 |  527.0 |
               +--------+--------+--------+--------+--------+-----+--------+

Top non-repeatable levels by time:
     D:4: 1229 daAuts
     D:3: 870 daAuts
     D:2: 744 daAuts
   Sewer: 527 daAuts
     D:1: 458 daAuts
     D:8: 254 daAuts
     D:5: 18 daAuts
